 Dungeon Crawl Stone Soup version 0.30-a0-722-g3e6e8c874d (webtiles) character file.

Game seed: 3350674984757596396

1469 retardedninja the Chopper (level 8, -1/109 HPs)
             Began as a Hill Orc Fighter on Jan 27, 2023.
             Slain by a gnoll sergeant
             ... wielding a +5 trident of flaming
              (2 damage)
             ... on level 6 of the Dungeon.
             The game lasted 00:08:26 (6992 turns).

retardedninja the Chopper (Hill Orc Fighter)        Turns: 6992, Time: 00:08:27

Health: -1/109     AC: 24    Str: 21    XL:     8   Next: 77%
Magic:  8/8        EV:  2    Int:  8    God:
Gold:   330        SH: 10    Dex: 10    Spells: 7/7 levels left

rFire   . . .      SeeInvis .    a - +0 war axe
rCold   . . .      Faith    .    c - +0 buckler
rNeg    . . .      Spirit   .    (body armour currently unavailable)
rPois   +          Reflect  +    (helmet currently unavailable)
rElec   .          Harm     .    (cloak currently unavailable)
rCorr   .          Rampage  .    (gloves currently unavailable)
Will    .....      NoTele   +    (boots currently unavailable)
Stlth   +                        p - amulet of reflection
HPRegen 0.38/turn                (no ring)
MPRegen 0.11/turn                (no ring)

@: tree-form
A: stationary, stasis, torment immunity, boosted hp
a: no special abilities


You were on level 6 of the Dungeon.
You were a tree.
You visited 2 branches of the dungeon, and saw 7 of its levels.

You collected 330 gold pieces.

Inventory:

Hand Weapons
 a - a +0 war axe (weapon)
Missiles
 f - 2 throwing nets (quivered)
Armour
 b - a +0 scale mail (melded)
 c - a +0 buckler (worn)
 m - a +0 helmet (melded)
Jewellery
 p - an amulet of reflection (around neck)
Wands
 r - a wand of roots (5)
Scrolls
 d - a scroll of vulnerability {unknown}
 h - 2 scrolls of teleportation {unknown}
 i - a scroll of magic mapping
 j - 2 scrolls of enchant weapon {unknown}
 k - a scroll of torment
 n - a scroll of fog {unknown}
 o - a scroll of enchant armour {unknown}
 s - a scroll of fear {unknown}
 t - 2 scrolls of identify
Potions
 e - 2 potions of brilliance


   Skills:
 + Level 7.3 Fighting
 + Level 7.4 Axes
 + Level 6.6 Armour
 + Level 6.6 Shields


You had 7 spell levels left.
You didn't know any spells.
Your spell library contained the following spells:

 Spells                   Type           Power      Damage    Failure   Level
 Passage of Golubria      Tloc           0%         N/A       99%         4
 Silence                  Hex/Air        0%         N/A       100%        5
 Lehudib's Crystal Spear  Conj/Erth      0%         10d2      100%        8


Dungeon Overview and Level Annotations

Branches:
Dungeon (6/15)             Temple (1/1) D:5

Altars:
Dithmenos
Elyvilon
Fedhas
Kikubaaqudgha
Makhleb
Nemelex Xobeh
Okawaru
Qazlal
Ru
Sif Muna
Trog
Uskayaw
Vehumet
Xom
Zin
The Shining One

Shops:
D:3 !

Annotations:
D:4 3 runed translucent doors, Lemondrips's ghost, amateur DsHs


Message History

Really quaff the potion of lignification? [Y]es or [N]o only, please.
Really quaff the potion of lignification?
You turn into a tree.
Your +0 helmet melds into your body.
Your +0 scale mail melds into your body.
Your roots penetrate the ground.
The net rips apart!
The gnoll hits you with a +0 flail!
* * * LOW HITPOINT WARNING * * *
The gnoll sergeant hits you from afar with a +5 trident of flaming!
* * * LOW HITPOINT WARNING * * *
The gnoll sergeant burns you.
* * * LOW HITPOINT WARNING * * *
The gnoll barely misses you. The gnoll hits you but does no damage.
Unknown command.
You are confused.
You feel invigorated. The gnoll hits you but does no damage.
The gnoll sergeant hits you but does no damage.
The gnoll hits you but does no damage. The gnoll hits you with a +0 club.
* * * LOW HITPOINT WARNING * * *
You feel better.
You feel less invigorated. You block the gnoll's attack.
The gnoll sergeant hits you from afar with a +5 trident of flaming!
* * * LOW HITPOINT WARNING * * *
The gnoll sergeant burns you.
* * * LOW HITPOINT WARNING * * *
The gnoll hits you but does no damage. x2
You hit the gnoll but do no damage.
The gnoll is severely wounded.
You hit the gnoll but do no damage. You closely miss the gnoll.
The gnoll hits you but does no damage. x2
The gnoll sergeant hits you but does no damage.
The gnoll hits you but does no damage.
You closely miss the gnoll.
The gnoll is severely wounded.
You slash the gnoll! x2
You kill the gnoll!
You block the gnoll's attack.
The gnoll sergeant hits you from afar with a +5 trident of flaming.
* * * LOW HITPOINT WARNING * * *
The gnoll sergeant burns you.
You die...

##########......
.............##..
#........###.##..
#+ #.......[#
#.##.. ...
#........######..
.... +.........##
#..
.....###..........#
###
.....lg)..........#
#.
.....gg♣..##......#
#.
.....####.##......#
#. ... #.##......#
#. . #...####### #.
###.# #########.
#.##..........
#.##..........
..##..........
#.##..........


You could see a gnoll sergeant, an iguana and 2 gnolls.

Vanquished Creatures
  Grinder (D:3)
  Duvessa (D:4)
  A phantom (D:5)
  Blork the orc (D:4)
  A kobold brigand (D:6)
  A bullfrog (D:6)
  3 wights (D:4)
  Dowan (D:4)
  A jelly (D:6)
  An orc priest (D:4)
  5 hounds
  An iguana (D:4)
  Ijyb (D:3)
  Terence (D:3)
  3 orc wizards
  14 gnolls
  6 adders
  An ufetubus (D:5)
  3 worms (D:2)
  6 dart slugs
  14 orcs
  8 endoplasms
  6 giant cockroaches
  7 goblins
  7 hobgoblins
  5 quokkas
  5 ball pythons
  4 bats
  2 frilled lizards
  16 kobolds
  4 rats
131 creatures vanquished.

Notes
Turn   | Place    | Note
-------+----------+-------------------------------------------
     0 | D:1      | retardedninja the Hill Orc Fighter began the quest for the
                  | Orb.
     0 | D:1      | Reached XP level 1. HP: 19/19 MP: 1/1
   166 | D:1      | Reached XP level 2. HP: 26/27 MP: 2/2
   763 | D:2      | Found a faded altar of an unknown god.
   778 | D:2      | Reached XP level 3. HP: 30/33 MP: 3/3
  1223 | D:2      | Reached XP level 4. HP: 27/40 MP: 4/4
  1786 | D:3      | Found a glowing golden altar of the Shining One.
  1880 | D:3      | Noticed Grinder
  1901 | D:3      | Killed Grinder
  1902 | D:3      | Reached skill level 5 in Fighting
  1902 | D:3      | Reached XP level 5. HP: 11/48 MP: 5/5
  1902 | D:3      | Reached XP level 6. HP: 13/56 MP: 6/6
  2171 | D:3      | Noticed Terence
  2177 | D:3      | Killed Terence
  2232 | D:3      | Noticed Ijyb
  2264 | D:3      | Killed Ijyb
  2388 | D:3      | Reached skill level 5 in Axes
  2784 | D:3      | Found Redek's Distillery.
  3022 | D:3      | Reached skill level 5 in Armour
  3022 | D:3      | Reached skill level 5 in Shields
  3461 | D:4      | Noticed Lemondrips's ghost (amateur DsHs)
  3461 | D:4      | Noticed Duvessa
  3461 | D:4      | Noticed Dowan
  3461 | D:4      | Found a runed translucent gate.
  3461 | D:4      | Found a runed translucent gate.
  3461 | D:4      | Found a runed translucent gate.
  3468 | D:4      | Killed Duvessa
  3469 | D:4      | Reached XP level 7. HP: 62/62 MP: 7/7
  3480 | D:4      | Killed Dowan
  3606 | D:4      | Found a radiant altar of Vehumet.
  4079 | D:4      | Found a stormy altar of Qazlal.
  4293 | D:4      | Noticed Blork the orc
  4305 | D:4      | Killed Blork the orc
  4306 | D:4      | Reached XP level 8. HP: 47/71 MP: 8/8
  4608 | D:4      | Found a white marble altar of Elyvilon.
  4773 | D:4      | Found a blossoming altar of Fedhas.
  5292 | D:5      | Entered Level 5 of the Dungeon
  5542 | D:5      | Found a glowing silver altar of Zin.
  5649 | D:5      | Found a burning altar of Makhleb.
  5650 | D:5      | Noticed an Executioner
  5650 | D:5      | Noticed an angel
  5681 | D:5      | Found a faded altar of an unknown god.
  5681 | D:5      | Found a faded altar of an unknown god.
  5689 | D:5      | Found an ancient bone altar of Kikubaaqudgha.
  5691 | D:5      | Found a shadowy altar of Dithmenos.
  5693 | D:5      | Found a bloodstained altar of Trog.
  6330 | D:5      | Found a staircase to the Ecumenical Temple.
  6334 | Temple   | Entered the Ecumenical Temple
  6658 | D:6      | Noticed a boulder beetle
  6988 | D:6      | HP: 4/109 [gnoll sergeant/+5 trident of flaming (5)]
  6992 | D:6      | HP: 1/109 [gnoll sergeant/+5 trident of flaming (5)]
  6992 | D:6      | Slain by a gnoll sergeant

Illustrated notes

Levels and vault maps discovered:
D:1:      dpeg_arrival_boxorama, layout_basic
D:2:      layout_loops_corners, ebering_ecumenical_altar_mist,
          grunt_decor_one_mirror, palyth_stone_intersect
D:3:      layout_basic, mainiacjoe_overflow_small_starburst, serial_shops, shop,
          st_stairs_7, uniq_ijyb, uniq_grinder, uniq_terence
D:4:      layout_basic, lemuel_doored_altar, mainiacjoe_overflow_catwalk,
          nicolae_vehumet_altar_sigil, nicolae_qazlal_scattered_showers,
          gammafunk_ghost_split, grunt_ministairs_4, uniq_blork_the_orc,
          uniq_duvessa
D:5:      layout_loops_cross, grunt_temple_overflow_order_and_chaos_2,
          chequers_temple_overflow_minitemple, temple_hall_moat
D:6:      layout_basic, lightli_corner_chamber
Temple:   hellmonk_temple_flake

Skill      XL: |  1  2  3  4  5  6  7  8 |
---------------+-------------------------+-----
Axes           | 3 4 5 6 7 |  7.4
Fighting       | 4 5 6 7 |  7.3
Armour         | 4 5 6 |  6.6
Shields        | 4 5 6 |  6.6

Action                     |  1- 3 |  4- 6 |  7- 9 || total
---------------------------+-------+-------+-------++-------
  Melee: War axe           |    88 |   107 |   237 ||   432
    Use: Potion            |       |     8 |     4 ||    12
         Scroll            |       |     2 |     3 ||     5
 Armour: Scale mail        |    42 |    36 |    72 ||   150
         Skin              |       |    19 |    10 ||    29
  Dodge: Dodged            |    39 |    53 |    97 ||   189
  Block: Buckler           |    25 |    27 |   115 ||   167
         Reflection        |       |       |     3 ||     3

Table legend: (Time is in decaauts)
 A = Elapsed time spent in this place.
 B = Non-inter-level travel time spent in this place.
 C = Inter-level travel time spent in this place.
 D = Time resting spent in this place.
 E = Time spent auto-exploring this place.
 F = Levels seen in this place.
 G = Mean time per level.
                   A        B        C        D        E       F      G
               +--------+--------+--------+--------+--------+-----+--------+
         Total |   7116 |   6928 |    188 |   1710 |   4102 |   7 | 1016.6 |
       Dungeon |   6963 |   6775 |    188 |   1710 |   3966 |   6 | 1160.5 |
        Temple |    152 |    152 |      0 |      0 |    136 |   1 |  152.0 |
               +--------+--------+--------+--------+--------+-----+--------+

Top non-repeatable levels by time:
     D:4: 1864 daAuts
     D:3: 1736 daAuts
     D:5: 1121 daAuts
     D:2: 1011 daAuts
     D:1: 778 daAuts
     D:6: 451 daAuts
  Temple: 152 daAuts
